 Dungeon Crawl Stone Soup version 0.28.0-43-g3370ac3207 (webtiles) character file.

Game seed: 8402513571012374618

166 pkoi the Gusty (level 5, -2/31 HPs)
             Began as an Octopode Air Elementalist on Mar 17, 2022.
             Succumbed to an orc wizard's poison
             ... on level 3 of the Dungeon.
             The game lasted 00:05:12 (4808 turns).

pkoi the Gusty (Octopode Air Elementalist)          Turns: 4808, Time: 00:05:13

Health: -2/31      AC:  1    Str:  7    XL:     5   Next: 47%
Magic:  2/9        EV: 13    Int: 19    God:
Gold:   125        SH:  0    Dex: 13    Spells: 5/9 levels left

rFire   . . .      SeeInvis .   b - +0 dagger
rCold   . . .      Faith    .   (no shield)
rNeg    . . .      Spirit   .   (helmet restricted)
rPois   .          Reflect  .   (no amulet)
rElec   .          Harm     .   (no ring)
rCorr   .          Rampage  .   (no ring)
Will    .....                   (no ring)
Stlth   ++........              (no ring)
HPRegen 0.10/turn               (no ring)
MPRegen 0.11/turn               (no ring)
                                (no ring)
                                (no ring)

@: confused, lethally poisoned (-2 -> -13)
A: almost no armour, amphibious, 8 rings, camouflage 1, gelatinous body 1,
(nimble swimmer 1), tentacles
a: no special abilities


You were on level 3 of the Dungeon.
You visited 1 branch of the dungeon, and saw 4 of its levels.

You collected 125 gold pieces.

Inventory:

Hand Weapons
 b - a +0 dagger (weapon)
 d - a +0 mace
Scrolls
 c - a scroll of vulnerability {unknown}
Potions
 a - a potion of magic
 f - a potion of flight


   Skills:
 - Level 2.0 Dodging
 - Level 2.6 Stealth
 + Level 2.9 Spellcasting
 - Level 1.0 Conjurations
 * Level 5.4 Air Magic


You had 5 spell levels left.
You knew the following spells:

 Your Spells              Type           Power      Damage    Failure   Level
a - Shock                 Conj/Air       60%        1d6       4%          1
b - Swiftness             Air            23%        N/A       4%          3

Your spell library contained the following spells:

 Spells                   Type           Power      Damage    Failure   Level
 Static Discharge         Conj/Air       15%        N/A       6%          2
 Animate Skeleton         Necr           4%         N/A       16%         1
 Pain                     Necr           8%         1d4       16%         1
 Airstrike                Air            11%        N/A       16%         4
 Ozocubu's Armour         Ice            2%         N/A       43%         3
 Tukima's Dance           Hex            2%         N/A       43%         3
 Vampiric Draining        Necr           2%         2d6       43%         3
 Anguish                  Hex/Necr       1%         N/A       83%         4
 Enfeeble                 Hex            1%         N/A       100%        7
 Ozocubu's Refrigeration  Ice            1%         4d5       100%        7


Dungeon Overview and Level Annotations

Branches:
Dungeon (4/15)
 Temple: D:4-7

Altars:
Nemelex Xobeh
Qazlal
Uskayaw
Vehumet


Innate Abilities, Weirdness & Mutations

You cannot wear most types of armour.
You are amphibious.
You can wear up to eight rings at the same time.
Your skin changes colour to match your surroundings (Stealth+).
Your rubbery body absorbs attacks. (AC +1, EV +1)
((You are camouflaged when in or above water. (Stealth+)))
You have tentacles for arms and can constrict up to eight enemies at once.


Message History

Press: ? - help, Q - select action, (/) - cycle Shift-Dir - straight line, f - you Something barely misses you.
Unknown command.
Something hits you but does no damage.
There is a stone staircase leading up here.
Things that are here:
a +1 dagger of electrocution; a +0 robe Something hits you.
* * * LOW HITPOINT WARNING * * *
You are poisoned.
You climb upwards.
Reactivating autopickup.
You feel very sick.
There is a stone staircase leading down here.
Aiming: Shock (safe; 4% risk of failure)
Press: ? - help, Q - select action, (/) - cycle Shift-Dir - straight line, f - you You feel sick.
Something hits you.
* * * LOW HITPOINT WARNING * * *
You are more poisoned.
Deactivating autopickup; reactivate with Ctrl-A.
You feel sick.
You hear some strange, mumbled words.
You are confused.
You're too confused to cast spells.
Okay, then.
You are too confused!
You feel sick. Something hits you.
* * * LOW HITPOINT WARNING * * *
You are lethally poisoned!
There is a stone staircase leading down here.
* * * LOW HITPOINT WARNING * * *
You feel very sick. Something hits you.
* * * LOW HITPOINT WARNING * * *
You are too confused!
* * * LOW HITPOINT WARNING * * *
You feel very sick.
You hear some strange, mumbled words.
A puff of flame appears from out of thin air!
The puff of flame misses you.
You die...

#........# #.....#
######...# #.....# #
######.#### #.....# #
#⌠_.'..# #######.....# #
#⌠_.'..######.....<.....###
###P##........##.....#.....
#####.....###............
#....>....##..........>..
##...{..@.##.............
#........##.............
#........##.............
###.#######.............
#.# #.....>....... #.#
##............ #>#
##........... #<#####
#####..##### #.....#
####.##


There were no monsters in sight!

Vanquished Creatures
  An orc priest (D:3)
  An orc wizard (D:4)
  2 gnolls (D:4)
  An adder (D:3)
  A dart slug (D:2)
  9 orcs
  3 endoplasms
  2 giant cockroaches
  8 hobgoblins
  15 jackals
  4 kobolds
  2 quokkas (D:2)
  4 ball pythons
  5 bats
  3 frilled lizards
  3 goblins
  3 rats
67 creatures vanquished.

Notes
Turn   | Place    | Note
-------+----------+-------------------------------------------
     0 | D:1      | pkoi the Octopode Air Elementalist began the quest for the
                  | Orb.
     0 | D:1      | Reached XP level 1. HP: 11/11 MP: 3/3
   296 | D:1      | Reached XP level 2. HP: 17/17 MP: 3/5
   740 | D:1      | Reached skill level 4 in Air Magic
  1160 | D:1      | Reached XP level 3. HP: 21/21 MP: 2/6
  1343 | D:2      | Learned a level 3 spell: Swiftness
  2026 | D:2      | Found a faded altar of an unknown god.
  2458 | D:3      | Reached XP level 4. HP: 27/27 MP: 3/7
  3094 | D:3      | Reached skill level 5 in Air Magic
  3340 | D:3      | Found a hide-covered altar of Uskayaw.
  3437 | D:3      | Noticed a +0 hand axe
  3437 | D:3      | Noticed a +0 hand axe
  3477 | D:3      | Found a sparkling altar of Nemelex Xobeh.
  3570 | D:3      | Found a radiant altar of Vehumet.
  3570 | D:3      | Found a stormy altar of Qazlal.
  4206 | D:3      | Reached XP level 5. HP: 31/31 MP: 3/9
  4421 | D:4      | Noticed a phantom
  4807 | D:3      | HP: 1/31 [poisoned by an orc wizard]
  4808 | D:3      | Succumbed to an orc wizard's poison

Illustrated notes

Levels and vault maps discovered:
D:1:      evilmike_arrival_crescent, layout_basic
D:2:      layout_loops_ring, shapermc_ecumenical_altar_starsandcircs
D:3:      layout_rooms, dancing_weapons_uskayaw, gammafunk_temple_overflow_wave,
          mainiacjoe_overflow_paths, chequers_serial_rivers_small_b,
          grunt_decor_mini_mirrors, minivault_19
D:4:      layout_loops_ring, minmay_temple_entry_waves, grunt_ministairs_5

Skill      XL: |  1  2  3  4 |
---------------+-------------+-----
Air Magic      | 4 5 |  5.4
Dodging        | |  2.0
Stealth        | |  2.6
Spellcasting   | |  2.9
Conjurations   | |  1.0

Action                   |  1- 3 |  4- 6 || total
-------------------------+-------+-------++-------
Melee: Unarmed           |     6 |       ||     6
       Club              |    12 |     1 ||    13
       Constrict         |     6 |     2 ||     8
       Tentacles         |     5 |     2 ||     7
       Dagger            |       |    10 ||    10
 Cast: Shock             |    80 |    65 ||   145
  Use: Scroll            |     3 |     2 ||     5
Armor: Skin              |     4 |     1 ||     5
Dodge: Dodged            |    22 |    17 ||    39
